 Dungeon Crawl Stone Soup version 0.30-a0-1122-g620db56ad9 (webtiles) character file.

Game seed: 6200677570298473613

4556 CrazyBamboolord the Cutter (level 10, -5/74 HPs)
             Began as a Demonspawn Artificer on Apr 21, 2023.
             Was a Follower of Dithmenos.
             Slain by a two-headed ogre
             ... wielding a +0 giant club
              (13 damage)
             ... on level 8 of the Dungeon on Apr 22, 2023.
             The game lasted 00:26:13 (7562 turns).

CrazyBamboolord the Cutter (Demonspawn Artificer)   Turns: 7562, Time: 00:26:14

Health: -5/74      AC: 12    Str: 19    XL:     10   Next: 18%
Magic:  13/13      EV: 13    Int: 18    God:    Dithmenos [*.....]
Gold:   434        SH:  5    Dex: 18    Spells: 9/9 levels left

rFire   . . .        j - +4 dagger (venom)
rCold   . . .        (no shield)
rNeg    . . .        J - +0 swamp dragon scales
rPois   +            (helmet restricted)
rElec   .            g - +0 cloak
rCorr   .            (gloves unavailable)
SInv    .            D - +1 pair of boots
Will    .....        r - amulet of reflection
Stlth   +++          m - +6 ring of strength
HPRegen 0.32/turn    B - +6 ring of intelligence
MPRegen 0.13/turn

%: reflection
@: wreathed by umbra
A: antennae 1, demonic guardian 2, weakness stinger 1, demonic touch 3
a: Renounce Religion


You were on level 8 of the Dungeon.
You worshipped Dithmenos.
Dithmenos was aware of your devotion.
You visited 2 branches of the dungeon, and saw 9 of its levels.

You collected 524 gold pieces.
You spent 90 gold pieces at shops.

Inventory:

Hand Weapons
 j - a +4 dagger of venom (weapon)
Missiles
 H - a throwing net
Armour
 g - a +0 cloak (worn)
 C - a +1 leather armour of fire resistance
 D - a +1 pair of boots (worn)
 J - +0 swamp dragon scales (worn)
Jewellery
 b - a +6 ring of intelligence
 m - a +6 ring of strength (left hand)
 r - an amulet of reflection (around neck)
 B - a +6 ring of intelligence (right hand)
Wands
 c - a wand of flame (46) (quivered)
 d - a wand of charming (13)
 e - a wand of iceblast (3)
 h - a wand of polymorph (10)
 i - a wand of roots (4)
 w - a wand of paralysis (1)
Scrolls
 k - 4 scrolls of enchant armour
 l - 5 scrolls of blinking
 o - 5 scrolls of teleportation
 q - 2 scrolls of magic mapping
 s - a scroll of butterflies {unknown}
 u - a scroll of fear {unknown}
 x - a scroll of acquirement {unknown}
 y - a scroll of noise {unknown}
 E - a scroll of vulnerability {unknown}
Potions
 a - 3 potions of berserk rage
 f - a potion of curing
 n - 2 potions of ambrosia {unknown}
 p - a potion of invisibility {unknown}
 t - 6 potions of might {unknown}
 v - a potion of flight {unknown}
 z - 2 potions of degeneration {unknown}
 A - a potion of haste {unknown}
 F - a potion of magic {unknown}
 I - a potion of brilliance {unknown}


   Skills:
 * Level 5.2 Fighting
 * Level 6.5 Short Blades
 * Level 5.0 Armour
 * Level 4.4 Dodging
 * Level 6.3 Stealth
 - Level 1.1 Shields
 * Level 5.1 Invocations
 * Level 6.2 Evocations


You had 9 spell levels left.
You didn't know any spells.
Your spell library contained the following spells:

 Spells                   Type           Power      Damage    Failure   Level
 Blink                    Tloc           0%         N/A       50%         2
 Lesser Beckoning         Tloc           0%         N/A       50%         2
 Momentum Strike          Conj/Tloc      0%         3d8       50%         2
 Manifold Assault         Tloc           0%         N/A       98%         4
 Storm Form               Tmut/Air       0%         N/A       100%        7


Dungeon Overview and Level Annotations

Branches:
Dungeon (8/15)             Temple (1/1) D:4
   Lair: D:8-11

Altars:
Ashenzari
Dithmenos
Fedhas
Gozag
Hepliaklqana
Kikubaaqudgha
Makhleb
Nemelex Xobeh
Okawaru
Qazlal
Ru
Trog
Uskayaw
Vehumet
Yredelemnul

Shops:
D:1 ?

Annotations:
D:4 3 runed translucent doors, Dwachs's ghost, amateur TeAE; tish's ghost, novice OpFi
D:5 2 transporters, chipmonk's ghost, novice GnFi
D:7 3 runed translucent doors, Kenran's ghost, novice DsFi


Innate Abilities, Weirdness & Mutations

You have a pair of small antennae on your head.
A demonic guardian rushes to your aid.
You have a small tail.
Your touch may irresistibly damage your foes and sap their willpower.


Message History

Unknown command.
Aiming: Throw Flame
Press: ? - help, Q - select action, (/) - cycle Shift-Dir - straight line, f - two-headed ogre
Aim: a two-headed ogre, wielding two +0 giant clubs (88% to hit)
The puff of flame hits the two-headed ogre.
The two-headed ogre is lightly wounded.
Unknown command.
Aiming: Throw Flame
Press: ? - help, Q - select action, (/) - cycle Shift-Dir - straight line, f/p - two-headed ogre
Aim: a two-headed ogre, wielding two +0 giant clubs (lightly wounded, umbra, 88% to hit)
The puff of flame hits the two-headed ogre.
The two-headed ogre is lightly wounded.
You barely miss the two-headed ogre.
You tail-slap the two-headed ogre, but do no damage.
You touch the two-headed ogre.
You sap its willpower!
The two-headed ogre is moderately wounded.
You barely miss the two-headed ogre.
The two-headed ogre is moderately wounded.
The two-headed ogre hits you with a +0 giant club!
The two-headed ogre closely misses you.
You hit the two-headed ogre.
The two-headed ogre is moderately wounded.
You hit the two-headed ogre.
The two-headed ogre is poisoned.
You touch the two-headed ogre.
You sap its willpower!
The two-headed ogre is heavily wounded.
The two-headed ogre hits you with a +0 giant club.
The two-headed ogre hits you with a +0 giant club!
A demonic guardian appears!
You hit the two-headed ogre but do no damage.
You tail-slap the two-headed ogre. Your touch misses the two-headed ogre.
The two-headed ogre is severely wounded.
The two-headed ogre attacks as you move away!
The two-headed ogre hits you with a +0 giant club!
The two-headed ogre hits you but does no damage.
You swap places.
The two-headed ogre attacks as you move away!
The two-headed ogre hits you with a +0 giant club!!
* * * LOW HITPOINT WARNING * * *
The two-headed ogre hits you with a +0 giant club!
You die...

#.. # ..# ### #.
..#...
#.#####..#.#
#...........
#..#.#...#
#....O...#
#..#@#...#...
##...4........
##..#####.### #.##
.. #.# # #.#### ..
#.##.##
##.###.#...####..
...............'..


You could see a two-headed ogre (very poisoned, weak-willed) and a friendly ice
devil (summoned).

Vanquished Creatures
  Pikel (D:6)
  Maggie (D:6)
  Sigmund (D:3)
  A steam dragon (D:6)
  Menkaure (D:6)
  A water moccasin (D:7)
  2 orc warriors
  A sky beast (D:7)
  2 ogres
  2 black bears
  A centaur (D:5)
  A phantom (D:5)
  A lemure (D:6)
  2 bullfrogs
  3 wights (D:7)
  4 howler monkeys
  3 hounds
  3 jellies
  4 orc priests
  2 iguanas
  2 sleepcaps (D:6)
  Ijyb (D:5)
  Natasha (twice) (D:3)
  5 orc wizards
  Robin (D:3)
  8 gnolls
  4 adders
  3 worms
  14 orcs
  2 bats (D:1)
  6 endoplasms
  9 goblins
  5 hobgoblins
  9 jackals
  2 quokkas
  8 ball pythons
  A frilled lizard (D:1)
  6 kobolds
  2 rats
  A butterfly (D:7)
128 creatures vanquished.

Vanquished Creatures (collateral kills)
  Amaemon (D:8)
  An orange demon (D:8)
  A hornet (D:6)
  A water moccasin (D:6)
  A phantom (D:6)
  A gnoll sergeant (D:6)
  An orc priest (D:5)
  A gnoll (D:6)
  A worm (D:2)
  8 goblins (D:3)
17 creatures vanquished.

Vanquished Creatures (others)
  A fungus (D:7)
  9 plants
  6 withered plants (D:4)
16 creatures vanquished.

Grand Total: 161 creatures vanquished

Notes
Turn   | Place    | Note
-------+----------+-------------------------------------------
     0 | D:1      | CrazyBamboolord the Demonspawn Artificer began the quest
                  | for the Orb.
     0 | D:1      | Reached XP level 1. HP: 15/15 MP: 1/1
   337 | D:1      | Reached skill level 1 in Dodging
   337 | D:1      | Gained mutation: A weak demonic guardian rushes to your
                  | aid. [demonic ancestry]
   337 | D:1      | Reached XP level 2. HP: 2/21 MP: 2/2
   566 | D:1      | Reached skill level 1 in Stealth
   877 | D:1      | Found Janeq's Magic Scroll Shop.
  1004 | D:1      | Gained mutation: A demonic guardian rushes to your aid.
                  | [demonic ancestry]
  1004 | D:1      | Reached XP level 3. HP: 24/26 MP: 3/3
  1281 | D:2      | Found a broken altar of Ashenzari.
  1481 | D:1      | Bought a scroll of blinking for 90 gold pieces
  1765 | D:3      | Noticed Sigmund
  1768 | D:3      | Killed Sigmund
  1769 | D:3      | Reached skill level 1 in Short Blades
  1769 | D:3      | Discovered your monstrous ancestry.
  1769 | D:3      | Gained mutation: Your touch may inflict minor irresistible
                  | damage on your foes. [demonic ancestry]
  1769 | D:3      | Reached XP level 4. HP: 33/33 MP: 4/4
  1769 | D:3      | Reached XP level 5. HP: 38/38 MP: 5/5
  2043 | D:3      | Noticed Robin
  2057 | D:3      | Gained mutation: Your touch may inflict irresistible damage
                  | on your foes. [demonic ancestry]
  2057 | D:3      | Reached XP level 6. HP: 33/44 MP: 6/6
  2067 | D:3      | Killed Robin
  2219 | D:3      | Noticed Natasha
  2228 | D:3      | Killed Natasha
  2382 | D:3      | Noticed Natasha
  2388 | D:3      | Killed Natasha
  2783 | D:3      | Upgraded the game from 0.30-a0-1114-gd936c97349 to
                  | 0.30-a0-1122-g620db56ad9
  2843 | D:4      | Found a runed translucent gate.
  2843 | D:4      | Found a runed translucent gate.
  2843 | D:4      | Found a runed translucent gate.
  2844 | D:4      | Noticed Dwachs's ghost (amateur TeAE)
  2845 | D:4      | Noticed tish's ghost (novice OpFi)
  2969 | D:4      | Gained mutation: Your touch may irresistibly damage your
                  | foes and sap their willpower. [demonic ancestry]
  2969 | D:4      | Reached XP level 7. HP: 37/51 MP: 7/7
  3253 | D:4      | Found a staircase to the Ecumenical Temple.
  3276 | Temple   | Entered the Ecumenical Temple
  3321 | Temple   | Became a worshipper of Dithmenos the Shadowed
  3549 | D:5      | Entered Level 5 of the Dungeon
  3866 | D:5      | Found a transporter.
  3866 | D:5      | Found a transporter.
  3873 | D:5      | Reached skill level 1 in Invocations
  3981 | D:5      | You fall into a shaft and drop 1 floor!
  3998 | D:6      | Noticed Maggie
  4007 | D:6      | Paralysed by Maggie for 2 turns
  4014 | D:6      | Killed Maggie
  4015 | D:6      | Gained mutation: You have a small tail. [demonic ancestry]
  4015 | D:6      | Reached XP level 8. HP: 35/58 MP: 9/9
  4022 | D:6      | Noticed Edmund
  4028 | D:6      | Edmund changed into Edmund the meliai
  4028 | D:6      | Noticed Edmund
  4234 | D:5      | Noticed Ijyb
  4250 | D:5      | Killed Ijyb
  4425 | D:5      | Identified the +1 ring mail of the Nexus {+Blink rElec
                  | Str+3}
  4553 | D:5      | Noticed chipmonk's ghost (novice GnFi)
  4843 | D:6      | Reached skill level 5 in Evocations
  5069 | D:6      | Noticed Menkaure
  5079 | D:6      | Reached * piety under Dithmenos
  5081 | D:6      | Killed Menkaure
  5082 | D:6      | Reached skill level 5 in Stealth
  5098 | D:6      | Noticed Pikel
  5111 | D:6      | Reached skill level 5 in Short Blades
  5162 | D:6      | Killed Pikel
  5163 | D:6      | Gained mutation: You have a pair of small antennae on your
                  | head. [demonic ancestry]
  5163 | D:6      | Reached XP level 9. HP: 49/65 MP: 11/11
  5306 | D:6      | Edmund the meliai changed into Edmund the hornet
  5306 | D:6      | Noticed Edmund
  5313 | D:6      | Killed Edmund the hornet
  5572 | D:6      | Reached skill level 1 in Shields
  5718 | D:6      | Found a hide-covered altar of Uskayaw.
  6324 | D:7      | Found a runed translucent gate.
  6324 | D:7      | Found a runed translucent gate.
  6326 | D:7      | Found a runed translucent gate.
  6327 | D:7      | Noticed Kenran's ghost (novice DsFi)
  6897 | D:8      | Noticed an orange demon
  6906 | D:8      | Noticed Amaemon
  7102 | D:8      | Killed Amaemon
  7103 | D:8      | Reached skill level 5 in Fighting
  7103 | D:8      | Reached XP level 10. HP: 16/74 MP: 13/13
  7105 | D:8      | Killed an orange demon
  7106 | D:8      | Reached skill level 5 in Armour
  7106 | D:8      | Reached skill level 5 in Invocations
  7423 | D:8      | Found a blossoming altar of Fedhas.
  7550 | D:8      | Noticed a two-headed ogre
  7562 | D:8      | Slain by a two-headed ogre

Illustrated notes

Levels and vault maps discovered:
D:1:      dpeg_arrival_concentric_ovals, layout_basic, serial_shops,
          nicolae_shop_hallway_plus, nicolae_titane
D:2:      layout_rooms, basic_altar
D:3:      layout_loops_ring, due_unseen_surprise, uniq_robin, uniq_natasha,
          uniq_sigmund
D:4:      layout_cave_pools, lemuel_coloured_pillars_altar,
          minmay_temple_entry_butterflies, gammafunk_ghost_cemetery
D:5:      layout_loops_corners, gammafunk_ghost_gnarly_gnolls, uniq_ijyb
D:6:      layout_rooms, kennysheep_mini_moat, uniq_menkaure, uniq_pikel,
          uniq_maggie, uniq_edmund
D:7:      layout_loops_ring, gammafunk_ghost_nasty_kobolds, grunt_ogre_cave
D:8:      layout_loops_corners, amcnicky_altar_gilded, lemuel_round_altar,
          nicolae_sif_muna_little_library, serial_glass, glass_columns_a,
          glass_columns_b, minmay_strange_pillars, due_unseen_surprise,
          serial_bayou_pond_e, uniq_amaemon
Temple:   hellmonk_temple_of_storms

Skill      XL: |  1  2  3  4  5  6  7  8  9 10 |
---------------+-------------------------------+-----
Dodging        | 1 2 3 4 |  4.4
Armour         | 2 3 4 5 |  5.0
Stealth        | 1 2 4 5 6 |  6.3
Fighting       | 2 3 4 5 |  5.2
Short Blades   | 1 2 3 5 6 |  6.5
Evocations     | 4 5 6 |  6.2
Invocations    | 2 3 4 5 |  5.1
Shields        | 1 |  1.1

Action                     |  1- 3 |  4- 6 |  7- 9 | 10-12 || total
---------------------------+-------+-------+-------+-------++-------
  Melee: Club              |    66 |       |       |       ||    66
         Punch             |     2 |       |     6 |       ||     8
         Dagger            |    44 |   101 |   218 |     6 ||   369
         Touch             |       |    18 |    38 |     2 ||    58
         Tailslap          |       |       |    35 |     2 ||    37
  Evoke: Wand              |     8 |     1 |    29 |     2 ||    40
    Use: Scroll            |       |     5 |     5 |       ||    10
         Potion            |       |     1 |     3 |       ||     4
   Stab: Sleeping          |     3 |     5 |     7 |     1 ||    16
         Distracted        |       |       |     2 |       ||     2
         Paralysed         |       |       |     1 |       ||     1
 Armour: Leather armour    |    38 |    32 |    40 |       ||   110
         Swamp dragon scal |       |       |     9 |     1 ||    10
  Dodge: Dodged            |    71 |    52 |   103 |     1 ||   227
  Block: Other             |       |       |    35 |       ||    35
         Reflection        |       |       |     2 |       ||     2

Table legend: (Time is in decaauts)
 A = Elapsed time spent in this place.
 B = Non-inter-level travel time spent in this place.
 C = Inter-level travel time spent in this place.
 D = Time resting spent in this place.
 E = Time spent auto-exploring this place.
 F = Levels seen in this place.
 G = Mean time per level.
                   A        B        C        D        E       F      G
               +--------+--------+--------+--------+--------+-----+--------+
         Total |   7537 |   7005 |    532 |    663 |   4949 |   9 |  837.4 |
       Dungeon |   7473 |   6958 |    515 |    663 |   4927 |   8 |  934.1 |
        Temple |     63 |     46 |     17 |      0 |     22 |   1 |   63.0 |
               +--------+--------+--------+--------+--------+-----+--------+

Top non-repeatable levels by time:
     D:5: 1302 daAuts
     D:1: 1223 daAuts
     D:7: 1086 daAuts
     D:3: 998 daAuts
     D:6: 930 daAuts
     D:4: 833 daAuts
     D:2: 559 daAuts
     D:8: 539 daAuts
  Temple: 63 daAuts
